 Dungeon Crawl Stone Soup version 0.17-a0-1399-gd5b76e1 (webtiles) character file.

342 pyrostar991 the Skirmisher (level 6, -4/56 HPs)
             Began as a Minotaur Berserker on June 18, 2015.
             Was a Believer of Trog.
             Killed from afar by an orc wizard (7 damage)
             ... with a magic dart
             ... on level 4 of the Dungeon.
             The game lasted 00:07:04 (3233 turns).

pyrostar991 the Skirmisher (Minotaur Berserker)     Turns: 3233, Time: 00:07:05

Health: -4/56      AC:  3    Str: 23    XL:     6   Next: 30%
Magic:  5/5        EV: 13    Int:  4    God:    Trog [**....]
Gold:   93         SH:  0    Dex: 10    Spells: 0 memorised, 5 levels left

rFire  . . .     SeeInvis .     a - +0 falchion
rCold  . . .     Clarity  .     d - +0 leather armour (curse)
rNeg   . . .     SustAt   .     (no shield)
rPois  +         Gourm    .     (helmet restricted)
rElec  .         Spirit   .     (no cloak)
rCorr  .         Warding  .     (no gloves)
rMut   +         Stasis   .     (no boots)
MR     ++...                    l - amulet of resist mutation
Stlth  +.........               q - ring of flight
                                e - ring of poison resistance

@: exhausted, regenerating, slowed, very slow, very resistant to hostile
enchantments, very unstealthy
A: retaliatory headbutt, horns 2
a: Burn Spellbooks, Berserk, Trog's Hand, Renounce Religion, Evoke Flight


You were on level 4 of the Dungeon.
You worshipped Trog.
Trog was pleased with you.
You were not hungry.

You visited 1 branch of the dungeon, and saw 4 of its levels.

You collected 93 gold pieces.

Inventory:

Hand weapons
 a - a +0 falchion (weapon)
Missiles
 f - 67 arrows
Armour
 b - a +0 animal skin
 d - a cursed +0 leather armour (worn)
 i - a cursed +0 chain mail
 n - a +0 leather armour
 p - a +0 leather armour
 t - a +0 ring mail
 u - a +1 ring mail of fire resistance
 v - a cursed +0 shield
Jewellery
 e - a ring of poison resistance (left hand)
 l - an amulet of resist mutation (around neck)
 q - a ring of flight (right hand)
Scrolls
 g - 3 scrolls of remove curse {unknown}
 j - 4 scrolls of identify {unknown}
 r - a scroll of enchant weapon {unknown}
 s - a scroll of amnesia {unknown}
 x - a scroll of recharging {unknown}
 y - a scroll of enchant armour {unknown}
Potions
 c - a potion of mutation {unknown}
 h - a potion of brilliance {unknown}
 k - a potion of resistance {unknown}
 o - a potion of degeneration {unknown}
 A - a potion of haste {unknown}
Comestibles
 m - a meat ration
 w - a beef jerky
 z - a bread ration
 B - a chunk of flesh


   Skills:
 * Level 5.3 Fighting
 * Level 5.0 Long Blades
 + Level 3.4 Armour
 * Level 4.6 Dodging
 * Level 1.2 Stealth


You had 5 spell levels left.
You didn't know any spells.

Dungeon Overview and Level Annotations

Branches:
Dungeon (4/15)
 Temple: D:4-7

Altars:


Innate Abilities, Weirdness & Mutations

You reflexively headbutt those who attack you in melee.
You have a pair of horns on your head.


Message History

* * * LOW HITPOINT WARNING * * *
You hit something but do no damage. Something hits you but does no damage.
Something barely misses you.
You closely miss something. Something hits you but does no damage.
You miss something. Something hits you.
* * * LOW HITPOINT WARNING * * *
Something hits you.
* * * LOW HITPOINT WARNING * * *
You closely miss something. Something hits you but does no damage.
Eat which item? (? for menu, Esc to quit)
Okay, then.
You closely miss something. Something hits you.
* * * LOW HITPOINT WARNING * * *
Something hits you.
* * * LOW HITPOINT WARNING * * *
You barely miss something. You headbutt something.
You hear some strange, mumbled words.
A magic dart appears from out of thin air!
The magic dart hits you!
You die...

......'..#.......
......#..#.......
.+....#..'.......
.#....#.<#.......
.#....#..#.......
.#....##.######+## +####
'##....#+######..##......
..'....#..........#......
..#....'........@{'......
#.#....###+##+###)#......
#+###............)..#+###
....+...............+
....#...............#
#+###...............#
.........####+##....#
.........#.....+....+
.........'.....#....#


There were no monsters in sight!

Vanquished Creatures
  The ghost of chadenator the Bolt Thrower, an average TeHu (D:3)
  A scorpion (D:4)
  A worker ant (D:4)
  5 adders
  A worm (D:2)
  2 giant geckos
  4 orcs
  2 ball pythons (D:2)
  A giant cockroach (D:4)
  2 goblins
  6 hobgoblins
  12 jackals
  7 kobolds
  A quokka (D:2)
  3 bats
  8 rats
  3 bushes (D:3)
60 creatures vanquished.

Notes
Turn   | Place    | Note
--------------------------------------------------------------
     0 | D:1      | pyrostar991 the Minotaur Berserker began the quest for the Orb.
     0 | D:1      | Reached XP level 1. HP: 19/19 MP: 0/0
   135 | D:1      | Reached XP level 2. HP: 17/27 MP: 1/1
   276 | D:1      | Reached skill level 4 in Long Blades
   344 | D:1      | Acquired Trog's second power
  1015 | D:2      | Reached XP level 3. HP: 31/33 MP: 2/2
  1637 | D:3      | Reached XP level 4. HP: 34/41 MP: 3/3
  1856 | D:3      | Noticed chadenator's ghost (average TeHu)
  1865 | D:3      | Killed chadenator's ghost
  1865 | D:3      | Reached skill level 5 in Fighting
  1865 | D:3      | Reached XP level 5. HP: 42/48 MP: 4/4
  2280 | D:3      | Reached skill level 1 in Stealth
  2568 | D:3      | Reached XP level 6. HP: 53/56 MP: 5/5
  3205 | D:4      | Reached skill level 5 in Long Blades
  3232 | D:4      | HP: 1/56 [something (4)]
  3233 | D:4      | Killed from afar by an orc wizard

Vault maps used:
D:1:      nicolae_arrival_somewhat_less_tricky_arrival
D:2:      kennysheep_generic_room_14
D:3:      first_bread, serial_forest, infiniplex_forest_end_2,
          infiniplex_forest_3_way, infiniplex_forest_zigzag_1,
          infiniplex_forest_lined_ring
D:4:      kennysheep_mini_moat, grunt_temple_overflow_diamond

Action                   |  1- 3 |  4- 6 || total
-------------------------+-------+-------++-------
Melee: Falchion          |    83 |   245 ||   328
Invok: Berserk           |     1 |     2 ||     3
       Trog's Hand       |       |     1 ||     1
  Eat: Beef jerky        |     1 |       ||     1
       Chunk             |     1 |       ||     1
       Bread ration      |       |     1 ||     1
       Meat ration       |       |     1 ||     1
